 Dungeon Crawl Stone Soup version 0.18.1-48-g4cf74bf (webtiles) character file.

11 atgrul the Digger (level 2, 0/19 HPs)
             Began as a Formicid Earth Elementalist on July 30, 2016.
             Slain by a giant gecko (4 damage)
             ... on level 1 of the Dungeon.
             The game lasted 00:02:14 (447 turns).

atgrul the Digger (Formicid Earth Elementalist)      Turns: 447, Time: 00:02:14

Health: 0/19       AC:  3    Str: 12    XL:     2   Next: 40%
Magic:  0/5        EV: 12    Int: 14    God:
Gold:   35         SH:  0    Dex: 11    Spells: 1 memorised, 4 levels left

rFire  . . .     SeeInvis +     j - +0 short sword
rCold  . . .     Gourm    .     a - +0 robe
rNeg   . . .     Faith    .     (no shield)
rPois  .         Spirit   +     (helmet unavailable)
rElec  .         Dismiss  .     h - +0 cloak
rCorr  .         Reflect  .     (no gloves)
SustAt .         Harm     .     (no boots)
MR     .....                    e - amulet of guardian spirit
Stlth  ++........               (no ring)
                                (no ring)

@: not resistant to hostile enchantments, unstealthy
A: permanent stasis, dig shafts and tunnels, four strong arms, antennae 3
a: Dig, Shaft Self


You were on level 1 of the Dungeon.
You were not hungry.

You visited 1 branch of the dungeon, and saw 1 of its levels.

You collected 35 gold pieces.

Inventory:

Hand Weapons
 j - a +0 short sword (weapon)
Missiles
 b - 61 stones (quivered)
Armour
 a - a +0 robe (worn)
 h - a +0 cloak (worn)
Jewellery
 e - an amulet of guardian spirit (around neck)
Scrolls
 g - a scroll of identify {unknown}
Potions
 i - a potion of curing {unknown}
 l - a potion of brilliance {unknown}
Books
 c - a book of Geomancy

   Spells                             Type                      Level
   a - Sandblast                      Earth                        1
   b - Passwall                       Transmutation/Earth          2
   c - Stone Arrow                    Conjuration/Earth            3
   d - Petrify                        Transmutation/Earth          4
   e - Lee's Rapid Deconstruction     Earth                        5
Comestibles
 d - a bread ration
 f - 5 chunks of flesh
 k - 3 fruits
 m - a slice of pizza


   Skills:
 - Level 0.2 Throwing
 - Level 1.7 Dodging
 - Level 2.7 Stealth
 - Level 2.3 Spellcasting
   Level 1.1 Transmutations
 + Level 4.1 Earth Magic


You had 4 spell levels left.
You knew the following spells:

 Your Spells              Type           Power        Failure   Level  Hunger
a - Sandblast             Erth           ##....       4%          1    #......


Dungeon Overview and Level Annotations

Branches:
Dungeon (1/15)

Altars:


Innate Abilities, Weirdness & Mutations

You are under a permanent stasis effect.
You can dig through walls and to a lower floor.
Your four strong arms can wield two-handed weapons with a shield.
You have a pair of large antennae on your head (SInv).


Message History

Unknown command.
Casting: Sandblast
Confirm with . or Enter, or press ? or * to list all spells.
You don't have enough magic to cast that spell.
Unknown command.
You are too injured to fight recklessly!
Casting: Sandblast
Confirm with . or Enter, or press ? or * to list all spells.
You don't have enough magic to cast that spell.
Unknown command.
You closely miss the giant gecko.
The giant gecko is moderately wounded.
The giant gecko closely misses you.
You barely miss the giant gecko.
The giant gecko is moderately wounded.
The giant gecko closely misses you. x2
You closely miss the giant gecko.
The giant gecko is moderately wounded.
The giant gecko bites you.
You die...

# #...#...#...### ###. #
###.#.>.#...#.. ...
########### #.#.{.#...#.#
######
..........####.#.>.#.<.#.#
#.....
#########..K.#.#..h#...#.#
#.....
####.K.#.>h#...#.###.....
###.#...#...#.........
#.##+###'##.###.....
#Kl@.# #....# #.....
###### ###### #.....
#..... ######


You could see a giant gecko and a kobold.

Vanquished Creatures
  2 dart slugs (D:1)
  2 goblins (D:1)
  A ball python (D:1)
  A bat (D:1)
  A kobold (D:1)
  3 rats (D:1)
10 creatures vanquished.

Notes
Turn   | Place    | Note
--------------------------------------------------------------
     0 | D:1      | atgrul the Formicid Earth Elementalist began the quest for the Orb.
     0 | D:1      | Reached XP level 1. HP: 13/13 MP: 3/3
   188 | D:1      | Reached XP level 2. HP: 10/19 MP: 0/5
   332 | D:1      | Reached skill level 4 in Earth Magic
   447 | D:1      | Slain by a giant gecko

Skill      XL: |  1  2 |
---------------+-------+-----
Earth Magic    | 4 |  4.1
Throwing       | |  0.2
Dodging        | |  1.7
Stealth        | |  2.7
Spellcasting   | |  2.3
Transmutations | |  1.1

Action                   || total
-------------------------++-------
Melee: Unarmed           ||     2
       Short sword       ||    14
Throw: Stone             ||     4
 Cast: Sandblast         ||    21
Armor: Robe              ||     5
Dodge: Dodged            ||    27
